 Dungeon Crawl Stone Soup version 0.30-a0-696-g2367cd04db (webtiles) character file.

Game seed: 15896875487974455697

133 Chaicat the Slasher (level 5, 0/64 HPs)
             Began as a Gnoll Reaver on Jan 20, 2023.
             Was an Initiate of Nemelex Xobeh.
             Slain by a hobgoblin
             ... wielding a +0 short sword
              (3 damage)
             ... on level 3 of the Dungeon.
             The game lasted 00:05:40 (1748 turns).

Chaicat the Slasher (Gnoll Reaver)                  Turns: 1748, Time: 00:05:40

Health: 0/64       AC: 22    Str: 11    XL:     5   Next: 16%
Magic:  12/12      EV:  2    Int: 13    God:    Nemelex Xobeh [......]
Gold:   80         SH:  0    Dex: 12    Spells: 13/14 levels left

rFire   . . .      SeeInvis .    a - +1 falchion
rCold   . . .      Faith    .    (no shield)
rNeg    . . .      Spirit   .    (body armour currently unavailable)
rPois   +          Reflect  .    (helmet currently unavailable)
rElec   .          Harm     .    (cloak currently unavailable)
rCorr   .          Rampage  .    (gloves currently unavailable)
Will    .....      NoTele   +    (boots currently unavailable)
Stlth   ++                       (no amulet)
HPRegen 0.30/turn                (no ring)
MPRegen 0.13/turn                (no ring)

@: tree-form
A: stationary, stasis, torment immunity, boosted hp, (fangs 1), strong nose,
distributed training
a: Renounce Religion, Draw Escape, Draw Destruction, Draw Summoning


You were on level 3 of the Dungeon.
You worshipped Nemelex Xobeh.
Nemelex Xobeh was noncommittal.
You were a tree.
You visited 1 branch of the dungeon, and saw 3 of its levels.

You collected 80 gold pieces.

Inventory:

Hand Weapons
 a - a +1 falchion (weapon)
Missiles
 d - a throwing net
Armour
 c - a +0 ring mail (melded)
Scrolls
 b - a scroll of identify
Potions
 e - 3 potions of flight
 h - a potion of cancellation


   Skills:
 + Level 4.7 Fighting
 + Level 1.4 Short Blades
 + Level 6.7 Long Blades
 + Level 1.4 Axes
 + Level 1.4 Maces & Flails
 + Level 1.4 Polearms
 + Level 1.4 Staves
 + Level 1.4 Ranged Weapons
 + Level 1.4 Throwing
 + Level 1.4 Armour
 + Level 4.7 Dodging
 + Level 1.4 Stealth
 + Level 1.4 Shields
 + Level 1.4 Unarmed Combat
 + Level 5.2 Spellcasting
 + Level 5.5 Conjurations
 + Level 1.1 Hexes
 + Level 1.1 Summonings
 + Level 1.1 Necromancy
 + Level 1.1 Translocations
 + Level 1.1 Transmutations
 + Level 1.1 Fire Magic
 + Level 1.1 Ice Magic
 + Level 1.1 Air Magic
 + Level 1.1 Earth Magic
 + Level 1.1 Poison Magic
 + Level 1.6 Invocations
 + Level 1.4 Evocations


You had 13 spell levels left.
You knew the following spells:

 Your Spells              Type           Power      Damage    Failure   Level
a - Kiss of Death         Conj/Necr      48%        2d9       4%          1

Your spell library contained the following spells:

 Spells                   Type           Power      Damage    Failure   Level
 Momentum Strike          Conj/Tloc      24%        3d8       7%          2
 Beastly Appendage        Tmut           12%        N/A       12%         1
 Hailstorm                Conj/Ice       12%        3d5       14%         3
 Wereblood                Tmut           6%         N/A       17%         2
 Spider Form              Tmut/Pois      6%         N/A       34%         3


Dungeon Overview and Level Annotations

Branches:
Dungeon (3/15)

Altars:
Nemelex Xobeh


Innate Abilities, Weirdness & Mutations

You are a tree.
Your roots penetrate the ground, keeping you stationary.
You cannot be teleported.
You are immune to unholy pain and torment.
Your maximum health is greatly increased.
Your equipment is partially melded.
((You have very sharp teeth.))
Your uncanny sense of smell can sniff out nearby items.
Your experience applies equally to all skills.


Message History

* * * LOW HITPOINT WARNING * * *
The rat bites you but does no damage.
The goblin shoots a sling bullet.
The sling bullet completely misses you.
The sling bullet hits the rat.
You closely miss the hobgoblin. The rat bites you but does no damage.
The rat barely misses you.
The hobgoblin hits you but does no damage.
The rat misses you.
The goblin shoots a sling bullet.
The sling bullet closely misses you.
The sling bullet hits the rat.
The rat dies!
You hit the hobgoblin. Your bite misses the hobgoblin.
The hobgoblin is lightly wounded.
The rat bites you but does no damage.
The hobgoblin hits you with a +0 short sword.
* * * LOW HITPOINT WARNING * * *
The rat bites you but does no damage.
The goblin shoots a sling bullet.
The sling bullet closely misses you.
You hit the hobgoblin but do no damage.
The hobgoblin is lightly wounded.
The rat misses you. The hobgoblin closely misses you.
The rat barely misses you.
The goblin shoots a sling bullet.
The sling bullet misses you.
Really quaff the potion of lignification?
You turn into a tree.
Your +0 ring mail melds into your body.
Your roots penetrate the ground.
The rat twitches its whiskers.
The rat completely misses you.
The hobgoblin hits you but does no damage.
The rat bites you but does no damage.
The goblin shoots a sling bullet.
The sling bullet hits you but does no damage.
You hit the hobgoblin.
The hobgoblin is lightly wounded.
The rat bites you.
* * * LOW HITPOINT WARNING * * *
The hobgoblin hits you but does no damage.
The rat bites you but does no damage.
The goblin shoots a sling bullet.
The sling bullet hits you but does no damage.
You closely miss the hobgoblin. The rat bites you but does no damage.
The hobgoblin hits you with a +0 short sword.
You die...
Your body disappears without a glow.

#.................#........
#.......#....._............
#.........##.....## ......#
##.##<.............
#....#.###.....###.
..####.###.....#...
#.............
#.....g..[....
#....†♣...g.#.
#.#.#r†r..#...
........#..###.
.##..###...... ∆ ...#
#........ ... ......... #
##.....>. .......


You could see a hobgoblin, a goblin and 2 rats.

Vanquished Creatures
  A howler monkey (D:3)
  4 adders
  A worm (D:3)
  2 dart slugs
  4 bats
  6 endoplasms
  2 giant cockroaches
  6 goblins
  8 hobgoblins
  3 quokkas
  5 ball pythons
  6 frilled lizards
  2 kobolds
  4 rats
54 creatures vanquished.

Vanquished Creatures (others)
  A rat (D:3)
1 creature vanquished.

Grand Total: 55 creatures vanquished

Notes
Turn   | Place    | Note
-------+----------+-------------------------------------------
     0 | D:1      | Chaicat the Gnoll Reaver began the quest for the Orb.
     0 | D:1      | Reached XP level 1. HP: 20/20 MP: 6/6
    44 | D:1      | Reached XP level 2. HP: 13/26 MP: 7/7
   338 | D:1      | Reached skill level 5 in Spellcasting
   338 | D:1      | Reached XP level 3. HP: 18/31 MP: 7/9
   758 | D:2      | Reached skill level 1 in Invocations
   880 | D:2      | Reached skill level 1 in Short Blades
   880 | D:2      | Reached skill level 1 in Axes
   880 | D:2      | Reached skill level 1 in Maces & Flails
   880 | D:2      | Reached skill level 1 in Polearms
   880 | D:2      | Reached skill level 1 in Staves
   880 | D:2      | Reached skill level 1 in Ranged Weapons
   880 | D:2      | Reached skill level 1 in Throwing
   880 | D:2      | Reached skill level 1 in Armour
   880 | D:2      | Reached skill level 1 in Stealth
   880 | D:2      | Reached skill level 1 in Shields
   880 | D:2      | Reached skill level 1 in Unarmed Combat
   880 | D:2      | Reached skill level 1 in Evocations
  1009 | D:2      | Reached XP level 4. HP: 32/34 MP: 11/11
  1409 | D:2      | Reached skill level 1 in Hexes
  1409 | D:2      | Reached skill level 1 in Summonings
  1409 | D:2      | Reached skill level 1 in Necromancy
  1409 | D:2      | Reached skill level 1 in Translocations
  1409 | D:2      | Reached skill level 1 in Transmutations
  1409 | D:2      | Reached skill level 1 in Fire Magic
  1409 | D:2      | Reached skill level 1 in Ice Magic
  1409 | D:2      | Reached skill level 1 in Air Magic
  1409 | D:2      | Reached skill level 1 in Earth Magic
  1409 | D:2      | Reached skill level 1 in Poison Magic
  1516 | D:3      | Found a faded altar of an unknown god.
  1620 | D:3      | Found a sparkling altar of Nemelex Xobeh.
  1652 | D:3      | Became a worshipper of Nemelex Xobeh the Trickster
  1739 | D:3      | Reached XP level 5. HP: 28/43 MP: 12/12
  1744 | D:3      | HP: 2/43 [hobgoblin/+0 short sword (3)]
  1748 | D:3      | Slain by a hobgoblin

Illustrated notes

Levels and vault maps discovered:
D:1:      dpeg_arrival_long_road, layout_rooms
D:2:      layout_loops_ring
D:3:      layout_rooms, mainiacjoe_overflow_24_doors,
          ebering_ecumenical_altar_sacrificial, minmay_misc_feat_iff

Skill      XL: |  1  2  3  4 |
---------------+-------------+-----
Spellcasting   | 5 |  5.2
Invocations    | 1 |  1.6
Short Blades   | 1 |  1.4
Axes           | 1 |  1.4
Maces & Flails | 1 |  1.4
Polearms       | 1 |  1.4
Staves         | 1 |  1.4
Ranged Weapons | 1 |  1.4
Throwing       | 1 |  1.4
Armour         | 1 |  1.4
Stealth        | 1 |  1.4
Shields        | 1 |  1.4
Unarmed Combat | 1 |  1.4
Evocations     | 1 |  1.4
Hexes          | 1 |  1.1
Summonings     | 1 |  1.1
Necromancy     | 1 |  1.1
Translocations | 1 |  1.1
Transmutations | 1 |  1.1
Fire Magic     | 1 |  1.1
Ice Magic      | 1 |  1.1
Air Magic      | 1 |  1.1
Earth Magic    | 1 |  1.1
Poison Magic   | 1 |  1.1
Fighting       | |  4.7
Long Blades    | |  6.7
Dodging        | |  4.7
Conjurations   | |  5.5

Action                   |  1- 3 |  4- 6 || total
-------------------------+-------+-------++-------
Melee: Falchion          |   108 |    70 ||   178
       Bite              |     5 |     4 ||     9
       Punch             |     2 |       ||     2
 Cast: Kiss of Death     |     1 |       ||     1
  Use: Scroll            |     5 |     3 ||     8
       Potion            |       |     1 ||     1
Armor: Leather armour    |    41 |     3 ||    44
       Ring mail         |       |    26 ||    26
       Skin              |       |     7 ||     7
Dodge: Dodged            |    98 |    61 ||   159

Table legend: (Time is in decaauts)
 A = Elapsed time spent in this place.
 B = Non-inter-level travel time spent in this place.
 C = Inter-level travel time spent in this place.
 D = Time resting spent in this place.
 E = Time spent auto-exploring this place.
 F = Levels seen in this place.
 G = Mean time per level.
                   A        B        C        D        E       F      G
               +--------+--------+--------+--------+--------+-----+--------+
         Total |   1742 |   1666 |     76 |    100 |   1186 |   3 |  580.7 |
       Dungeon |   1742 |   1666 |     76 |    100 |   1186 |   3 |  580.7 |
               +--------+--------+--------+--------+--------+-----+--------+

Top non-repeatable levels by time:
     D:2: 752 daAuts
     D:1: 743 daAuts
     D:3: 246 daAuts
